 Dungeon Crawl Stone Soup version 0.28.0-43-g3370ac3207 (webtiles) character file.

Game seed: 4105494767571560642

69 Peloso the Covered (level 4, 0/41 HPs)
             Began as a Minotaur Fighter on Mar 29, 2022.
             Killed by divine providence
             ... invoked by an orc priest
              (14 damage)
             ... on level 3 of the Dungeon.
             The game lasted 00:02:16 (2072 turns).

Peloso the Covered (Minotaur Fighter)               Turns: 2072, Time: 00:02:16

Health: 0/41       AC:  8    Str: 19 (21) XL:     4   Next: 2%
Magic:  3/3        EV:  9    Int:  3 (5)  God:
Gold:   133        SH:  4    Dex:  8 (11) Spells: 3/3 levels left

rFire   . . .      SeeInvis .   a - +0 long sword
rCold   + . .      Faith    .   c - +0 buckler
rNeg    . . .      Spirit   .   b - +0 scale mail
rPois   .          Reflect  .   (helmet restricted)
rElec   .          Harm     .   (no cloak)
rCorr   .          Rampage  .   i - +0 pair of gloves
Will    .....                   (no boots)
Stlth   ..........              (no amulet)
HPRegen 0.13/turn               f - ring of protection from cold
MPRegen 0.08/turn               (no ring)

@: no status effects
A: horns 2, retaliatory headbutt
a: no special abilities


You were on level 3 of the Dungeon.
You visited 1 branch of the dungeon, and saw 3 of its levels.

You collected 133 gold pieces.

Inventory:

Hand Weapons
 a - a +0 long sword (weapon)
Armour
 b - a +0 scale mail (worn)
 c - a +0 buckler (worn)
 i - a +0 pair of gloves (worn)
Jewellery
 f - a ring of protection from cold (left hand)
Scrolls
 l - a scroll of identify {unknown}
Potions
 d - a potion of might
 e - a potion of degeneration
 h - a potion of magic {unknown}
 j - a potion of invisibility {unknown}
 k - a potion of attraction {unknown}
 m - a potion of flight {unknown}


   Skills:
 + Level 4.3 Fighting
 + Level 3.1 Long Blades
 + Level 4.4 Armour
 + Level 0.2 Dodging
 + Level 4.2 Shields


You had 3 spell levels left.
You didn't know any spells.
Your spell library was empty.

Dungeon Overview and Level Annotations

Branches:
Dungeon (3/15)

Altars:

Shops:
D:2 *


Innate Abilities, Weirdness & Mutations

You have a pair of horns on your head.
You reflexively headbutt those who attack you in melee.


Message History

The orc wizard gestures at you while chanting.
You are more confused.
You're too confused to move!
The orc priest begins to cast a cantrip, but forgets the words!
The orc wizard closely misses you.
You bump into the rock wall.
The orc priest invokes the aid of Beogh against you.
Beogh smites you!
The orc priest invokes the aid of Beogh against you.
Beogh smites you!
* * * LOW HITPOINT WARNING * * *
You hear an angry hiss.
It was a potion of degeneration.
There was something very wrong with that liquid.
You feel weakened.
You feel dopey.
You feel clumsy.
A ball python comes into view.
It was a potion of heal wounds.
You feel much better. The orc hits you but does no damage. Something hits you.
You closely miss the orc. The orc barely misses you. Something hits you.
The goblin shoots a stone.
Unknown command.
You bump into the rock wall.
The orc hits you with a +0 morningstar!
Unknown command.
You closely miss the orc.
The orc priest begins to cast a cantrip, but forgets the words!
The orc barely misses you. The orc hits you but does no damage.
Unknown command.
You hit the orc.
The orc is moderately wounded.
You feel less confused. The orc closely misses you. You furiously retaliate!
You headbutt the orc. You hit the orc but do no damage.
The orc is heavily wounded.
The orc priest invokes the aid of Beogh against you.
Beogh smites you! The orc closely misses you.
You barely miss the orc.
The orc is heavily wounded.
The orc priest mumbles some strange prayers to Beogh against you.
Beogh smites you!
You die...

###..#..##.###....
..
#.....##.###.#..
..#
###..##.##.##..##.
#o..
#.......##.##.###.
##.o#
###.##.#####.##.#
#. ...... #... #.#
#.##.###.
#.....###g# #.#
#........
#.......o{####.#
####.####
........ooo@...#
#.#
.....###S#######
#.#### #... ...#
#..... #.. #####
###### .. #


You could see 2 orc priests, an orc wizard, an orc and a ball python.

Vanquished Creatures
  2 adders
  A worm (D:2)
  3 dart slugs
  6 endoplasms
  2 giant cockroaches
  A goblin (D:2)
  6 hobgoblins
  2 quokkas (D:2)
  4 ball pythons
  2 bats
  A frilled lizard (D:3)
  7 kobolds
  3 rats
40 creatures vanquished.

Notes
Turn   | Place    | Note
-------+----------+-------------------------------------------
     0 | D:1      | Peloso the Minotaur Fighter began the quest for the Orb.
     0 | D:1      | Reached XP level 1. HP: 19/19 MP: 0/0
   758 | D:1      | Reached XP level 2. HP: 27/27 MP: 1/1
  1062 | D:2      | Reached XP level 3. HP: 30/33 MP: 2/2
  1449 | D:2      | Found Goasoimp's Assorted Antiques.
  1933 | D:3      | Reached XP level 4. HP: 41/41 MP: 3/3
  2072 | D:3      | Killed from afar by an orc priest

Illustrated notes

Levels and vault maps discovered:
D:1:      saegor_arrival_simple_c, layout_basic, kennysheep_crisscross
D:2:      minmay_door_path, layout_rooms, serial_shops, shop
D:3:      layout_loops_corners, hellmonk_ecumenical_altar_run_dry,
          minmay_quantized

Skill      XL: |  1  2  3 |
---------------+----------+-----
Fighting       | 4 |  4.3
Shields        | 4 |  4.2
Armour         | 4 |  4.4
Long Blades    | 3 |  3.1
Dodging        | |  0.2

Action                   |  1- 3 |  4- 6 || total
-------------------------+-------+-------++-------
Melee: Long sword        |    92 |     7 ||    99
       Headbutt          |     9 |       ||     9
  Use: Scroll            |     1 |       ||     1
       Potion            |       |     2 ||     2
Armor: Scale mail        |    39 |     3 ||    42
Dodge: Dodged            |    39 |     5 ||    44
Block: Buckler           |    19 |       ||    19
